 Seeded DCSS version 0.29.1-12-g30fa7ad0bf (webtiles) character file.

Game seed: 6320845443627075161 (custom seed)

59 valliere the Magician (level 3, -9/19 HPs)
             Began as a Deep Elf Hedge Wizard on Jan 6, 2023.
             Mangled by Crazy Yiuf
             ... wielding a +2 quarterstaff of chaos
              (15 damage)
             ... on level 3 of the Dungeon.
             The game lasted 00:06:03 (2165 turns).

valliere the Magician (Deep Elf Hedge Wizard)       Turns: 2165, Time: 00:06:03

Health: -9/19      AC:  3    Str:  7    XL:     3   Next: 78%
Magic:  15/20      EV: 12    Int: 20    God:
Gold:   98         SH:  0    Dex: 14    Spells: 8/11 levels left

rFire   . . .      SeeInvis .   q - +3 short sword
rCold   . . .      Faith    .   (no shield)
rNeg    . . .      Spirit   .   b - +0 robe
rPois   .          Reflect  .   m - +1 hat {Stlth+}
rElec   .          Harm     .   (no cloak)
rCorr   .          Rampage  .   (no gloves)
Will    .....                   (no boots)
Stlth   +++.......              (no amulet)
HPRegen 0.06/turn               r - ring of magical power
MPRegen 0.17/turn               (no ring)

@: very slightly contaminated
A: no striking features
a: no special abilities


You were on level 3 of the Dungeon.
You visited 1 branch of the dungeon, and saw 3 of its levels.

You collected 98 gold pieces.

Inventory:

Hand Weapons
 a - a +0 dagger
 q - a +3 short sword (weapon)
Armour
 b - a +0 robe (worn)
 c - a +0 hat
 m - a +1 hat of stealth (worn)
Magical Staves
 h - a staff of air
Jewellery
 r - a ring of magical power (left hand)
Wands
 p - a wand of flame (13)
Scrolls
 e - 2 scrolls of teleportation {unknown}
 i - 2 scrolls of magic mapping {unknown}
 l - 2 scrolls of vulnerability {unknown}
 o - a scroll of acquirement
Potions
 d - a potion of magic
 f - 2 potions of curing {unknown}
 g - a potion of haste {unknown}
 j - a potion of resistance {unknown}
 k - a potion of brilliance {unknown}
 n - a potion of flight {unknown}


   Skills:
 + Level 2.8 Dodging
 + Level 3.1 Stealth
 + Level 4.7 Spellcasting
 * Level 2.3 Conjurations
 + Level 1.8 Summonings
 - Level 1.1 Translocations
 + Level 1.1 Poison Magic


You had 8 spell levels left.
You knew the following spells:

 Your Spells              Type           Power      Damage    Failure   Level
a - Magic Dart            Conj           56%        1d5       4%          1
b - Call Imp              Summ           12%        N/A       9%          2

Your spell library contained the following spells:

 Spells                   Type           Power      Damage    Failure   Level
 Freeze                   Ice            16%        1d4       12%         1
 Slow                     Hex            16%        N/A       12%         1
 Blink                    Tloc           18%        N/A       12%         2
 Conjure Flame            Conj/Fire      9%         6-21      22%         3
 Mephitic Cloud           Conj/Pois/Air  9%         N/A       22%         3
 Frozen Ramparts          Ice            8%         1d2       34%         3
 Hailstorm                Conj/Ice       9%         3d4       58%         4


Dungeon Overview and Level Annotations

Branches:
Dungeon (3/15)

Altars:

Shops:
D:2 :

Annotations:
D:3 Crazy Yiuf


Message History

The magic dart hits the ball python.
The ball python is moderately wounded.
The ball python hisses angrily.
The magic dart hits the ball python.
The ball python is severely wounded.
You can't see any susceptible monsters within range! (Use Z to cast anyway.)
The magic dart hits the ball python.
You kill the ball python!
Found 8 stones.
Found a hammer.
Found a runed translucent door.
A hobgoblin comes into view.
The magic dart hits the hobgoblin.
The hobgoblin is lightly wounded.
The hobgoblin shouts!
The magic dart hits the hobgoblin.
The hobgoblin is moderately wounded.
The magic dart hits the hobgoblin.
You kill the hobgoblin!
You can't see any susceptible monsters within range! (Use Z to cast anyway.)
You can't see any susceptible monsters within range! (Use Z to cast anyway.)
You open the door.
Crazy Yiuf shouts!
Crazy Yiuf says, "Ice!"
Casting: Magic Dart (safe; 4% risk of failure)
Confirm with . or Enter, or press ? or * to list all spells.
A beastly little devil appears in a puff of flame.
The magic dart hits Crazy Yiuf.
Crazy Yiuf is lightly wounded.
The magic dart hits Crazy Yiuf but does no damage.
Crazy Yiuf is lightly wounded.
Your crimson imp hits Crazy Yiuf but does no damage.
You miscast Magic Dart.
You are very lightly contaminated with residual magic.
Nothing appears to happen.
Crazy Yiuf twirls on the spot.
Crazy Yiuf hits you with a +2 quarterstaff of chaos!
Ouch! That really hurt!
You are electrocuted!
Ouch! That really hurt!
You die...

#####.#.##.#..# #.#.#
#.#.##.#..##### #.#.######
#(............# #.#...##..
######.#.####.#####.#.#.##.#
#.#.####.......#...##.#
#.#.##...########.###.#
########.......## #.# #.#
#.......####....# #.# #.#
#.####### #5@..# #.# #.# #.#
#.gP.# ######.###.. #.#
##...# #.......#### #.#
##.## #........... #.# ##.#
######...### #.# #.## #>..##
#.# ##.# #####....# #†# #.##
#..<.....# #.# #g#
#>##.....#


You could see Crazy Yiuf (ally target) and a friendly crimson imp (summoned).

Vanquished Creatures
  An orc priest (D:3)
  An adder (D:2)
  2 dart slugs (D:2)
  An orc (D:3)
  3 ball pythons
  2 goblins
  A hobgoblin (D:3)
  3 kobolds (D:3)
  3 bats
  2 rats
19 creatures vanquished.

Vanquished Creatures (others)
  A fungus (D:3)
  2 plants (D:3)
3 creatures vanquished.

Grand Total: 22 creatures vanquished

Notes
Turn   | Place    | Note
-------+----------+-------------------------------------------
     0 | D:1      | valliere the Deep Elf Hedge Wizard began the quest for the
                  | Orb.
     0 | D:1      | Reached XP level 1. HP: 10/10 MP: 7/7
   669 | D:2      | Found Weil's Book Boutique.
   727 | D:2      | Found a faded altar of an unknown god.
   764 | D:2      | Reached XP level 2. HP: 10/15 MP: 0/9
   879 | D:2      | Learned a level 2 spell: Call Imp
  1523 | D:3      | Identified a scroll of acquirement
  1638 | D:3      | Reached skill level 1 in Poison Magic
  1638 | D:3      | Reached XP level 3. HP: 3/19 MP: 11/11
  2103 | D:3      | Found a runed translucent door.
  2104 | D:3      | Noticed Crazy Yiuf
  2165 | D:3      | Mangled by Crazy Yiuf

Illustrated notes

Levels and vault maps discovered:
D:1:      dpeg_arrival_lava_temple_mockup, layout_basic
D:2:      layout_loops_ring, shapermc_ecumenical_altar_starsandcircs,
          serial_shops, nicolae_shop_window_shopping
D:3:      layout_loops_ring, pdpol_wu_jian_five_deadly_venoms, corexii_shack,
          uniq_crazy_yiuf_cottage

Skill      XL: |  1  2 |
---------------+-------+-----
Stealth        | 3 |  3.1
Conjurations   | 2 |  2.3
Poison Magic   | 1 |  1.1
Dodging        | |  2.8
Spellcasting   | |  4.7
Summonings     | |  1.8
Translocations | |  1.1

Action                   || total
-------------------------++-------
Melee: Dagger            ||     1
 Cast: Magic Dart        ||    63
       Call Imp          ||     1
  Use: Scroll            ||     1
Dodge: Dodged            ||     4
